 Dungeon Crawl Stone Soup version 0.17.0-26-gececa24 (webtiles) character file.

7 4thArraOfDagon the Shield-Bearer (level 2, -1/24 HPs)
             Began as a Formicid Fighter on Nov 20, 2015.
             Was an Initiate of Makhleb.
             Asphyxiated
             ... on level 11 of the Dungeon.
             The game lasted 00:04:52 (751 turns).

4thArraOfDagon the Shield-Bearer (Formicid Fighter)  Turns: 751, Time: 00:04:52

Health: -1/24      AC:  9    Str: 20    XL:     2   Next: 10%
Magic:  2/2        EV:  5    Int:  7    God:    Makhleb [......]
Gold:   82         SH:  9    Dex: 10    Spells: 0 memorised, 1 level left

rFire  . . .     SeeInvis +     a - +0 war axe
rCold  . . .     Clarity  .     k - +0 chain mail
rNeg   . . .     SustAt   .     c - +0 shield
rPois  .         Gourm    .     (helmet unavailable)
rElec  .         Spirit   .     (no cloak)
rCorr  .         Warding  .     (no gloves)
rMut   .         Stasis   +     (no boots)
MR     .....                    (no amulet)
Stlth  ..........               (no ring)
                                l - ring of stealth

@: lethally poisoned (-1 -> -35), not resistant to hostile enchantments,
extremely unstealthy
A: permanent stasis, dig shafts and tunnels, four strong arms, antennae 3
a: Dig, Shaft Self, Renounce Religion


You were on level 11 of the Dungeon.
You worshipped Makhleb.
Makhleb was noncommittal.
You were not hungry.

You visited 1 branch of the dungeon, and saw 11 of its levels.

You collected 82 gold pieces.

Inventory:

Hand Weapons
 a - a +0 war axe (weapon)
Armour
 c - a +0 shield (worn)
 k - a +0 chain mail (worn)
Jewellery
 l - a ring of stealth (left hand)
Wands
 h - a wand of magic darts (24)
Scrolls
 b - a scroll of teleportation {unknown}
 g - 3 scrolls of remove curse
 i - a scroll of blinking {unknown}
Potions
 d - a potion of might
 f - a potion of curing {unknown}
Comestibles
 e - a bread ration
 j - 4 meat rations


   Skills:
 + Level 3.4 Fighting
 * Level 2.2 Axes
 + Level 3.4 Armour
 + Level 3.7 Shields


You had one spell level left.
You didn't know any spells.

Dungeon Overview and Level Annotations

Branches:
Dungeon (15/15)            Depths (0/5) D:15
 Temple: D:4-7         Lair: D:8-11         Orc: D:9-12      Vaults: D:13-14

Altars:
Dithmenos
Makhleb
Xom

Shops:
D:14 *

Annotations:
D:4 Dowan, Duvessa
D:11 Sonja


Innate Abilities, Weirdness & Mutations

You are under a permanent stasis effect.
You can dig through walls and to a lower floor.
Your four strong arms can wield two-handed weapons with a shield.
You have a pair of large antennae on your head (SInv).


Message History

You are poisoned.
You have difficulty breathing.
Your stasis keeps you stable.
You see here a curare-tipped needle.
Unknown command.
Are you sure you want to shaft yourself?
You feel quite a bit more hungry.
You feel sick.
Sonja shoots a curare-tipped needle.
The curare-tipped needle hits you.
You are lethally poisoned!
You have difficulty breathing.
* * * LOW HITPOINT WARNING * * *
Your stasis keeps you stable.
Sonja shoots a curare-tipped needle.
You block the curare-tipped needle.
You hear a distant slurping noise.
You begin to dig a shaft.
You continue digging a shaft.
* * * LOW HITPOINT WARNING * * *
You feel sick.
Sonja shoots a curare-tipped needle.
The curare-tipped needle hits you.
You are more poisoned.
You have difficulty breathing.
You die...

. { #. #. #. #.
#. ##.K {{{ .#
...############
#.
#.............
#. ...#..# #.
#.#..######
#.@.......#
###.#.###.#
#.#.# #.#.#
##### { { { {


You could see Sonja.

Vanquished Creatures
  3 orcs (D:12)
  A bat (D:1)
4 creatures vanquished.

Notes
Turn   | Place    | Note
--------------------------------------------------------------
     0 | D:1      | 4thArraOfDagon the Formicid Fighter began the quest for the Orb.
     0 | D:1      | Reached XP level 1. HP: 18/18 MP: 1/1
    17 | D:1      | You fall through a shaft!
    17 | D:2      | Found a shadowy altar of Dithmenos.
    25 | D:2      | You fall through a shaft for 2 floors!
    31 | D:4      | Noticed Dowan
    33 | D:4      | Noticed Duvessa
    34 | D:4      | You fall through a shaft for 3 floors!
    92 | D:7      | Noticed an orc wizard
   102 | D:7      | Noticed a hound
   105 | D:7      | You fall through a shaft for 3 floors!
   105 | D:10     | Entered Level 10 of the Dungeon
   112 | D:9      | Noticed an ogre
   112 | D:9      | Noticed an ogre
   115 | D:9      | You fall through a shaft!
   115 | D:10     | Noticed a phantom
   137 | D:9      | Noticed a sky beast
   145 | D:9      | Noticed a worker ant
   159 | D:9      | You fall through a shaft for 2 floors!
   163 | D:11     | Noticed a giant frog zombie
   167 | D:11     | You fall through a shaft for 2 floors!
   170 | D:13     | You fall through a shaft for 2 floors!
   170 | D:15     | Entered Level 15 of the Dungeon
   260 | D:15     | Found a shimmering altar of Xom.
   279 | D:15     | Noticed a deep elf mage
   279 | D:15     | Noticed an eye of draining
   295 | D:14     | Found a burning altar of Makhleb.
   295 | D:14     | Found Tezxej's Wicked Wares.
   300 | D:14     | Became a worshipper of Makhleb the Destroyer
   390 | D:14     | Noticed a centaur skeleton
   414 | D:13     | Noticed a kobold demonologist
   505 | D:13     | Noticed a cyclops
   532 | D:12     | Noticed an orc wizard
   614 | D:12     | Reached XP level 2. HP: 24/24 MP: 2/2
   749 | D:11     | Noticed Sonja
   751 | D:11     | Asphyxiated

Action                   || total
-------------------------++-------
Melee: War axe           ||    17
 Abil: Shaft Self        ||     9
       Dig               ||     5
  Use: Scroll            ||     4
  Eat: Bread ration      ||     1
       Pizza             ||     1
